Kradschützen Motorcycle Team
Construct Light Support Kompanie
Selects L6/40 Light Tank Combat Group
L6/40 Light Tank Combat Group
Construct Mechanized Kompanie
Marder III Tank Destroyer
Selects Defensive Operations
Selects Towed Cannone da 105/28 Field Howitzer
Construct Panzerarmee Kommand
Flak 36 Anti-tank Gun Team
254 Reconnaissance Tractor
Selects Prepared Positions
Selects Obice 305mm Barrage
Walking Stuka Rocket Launcher